 Dungeon Crawl Stone Soup version 0.29-a0-356-g7bc237e783 (webtiles) character file.

Game seed: 80751468266382522

23 DrKleor the Cudgeller (level 2, -8/31 HPs)
             Began as an Ogre Gladiator on Apr 25, 2022.
             Mangled by Sigmund
             ... wielding a +0 scythe
              (11 damage)
             ... on level 2 of the Dungeon.
             The game lasted 00:02:08 (995 turns).

DrKleor the Cudgeller (Ogre Gladiator)               Turns: 995, Time: 00:02:09

Health: -8/31      AC:  3    Str: 17    XL:     2   Next: 95%
Magic:  2/2        EV: 10    Int:  9    God:
Gold:   10         SH:  0    Dex: 10    Spells: 1/1 levels left

rFire   . . .      SeeInvis .   a - +0 flail
rCold   . . .      Faith    .   (no shield)
rNeg    + . .      Spirit   .   b - +0 robe
rPois   .          Reflect  .   c - +0 hat
rElec   .          Harm     .   (no cloak)
rCorr   .          Rampage  .   (gloves unavailable)
Will    .....                   (boots unavailable)
Stlth   +.........              (no amulet)
HPRegen 0.10/turn               k - ring of positive energy
MPRegen 0.08/turn               (no ring)

@: no status effects
A: large, unfitting armour, tough skin 1
a: no special abilities


You were on level 2 of the Dungeon.
You visited 1 branch of the dungeon, and saw 2 of its levels.

You collected 10 gold pieces.

Inventory:

Hand Weapons
 a - a +0 flail (weapon)
Missiles
 d - 2 throwing nets (quivered)
 e - a large rock
Armour
 b - a +0 robe (worn)
 c - a +0 hat (worn)
Jewellery
 k - a ring of positive energy (left hand)
Scrolls
 f - a scroll of holy word {unknown}
 g - 2 scrolls of fear {unknown}
 h - 4 scrolls of identify {unknown}
 j - a scroll of amnesia {unknown}
Potions
 i - a potion of might {unknown}


   Skills:
 + Level 3.2 Fighting
 * Level 3.2 Maces & Flails
 + Level 2.3 Throwing
 - Level 2.6 Dodging


You had one spell level left.
You didn't know any spells.
Your spell library contained the following spells:

 Spells                   Type           Power      Damage    Failure   Level
 Animate Skeleton         Necr           0%         N/A       38%         1
 Apportation              Tloc           0%         N/A       38%         1
 Summon Small Mammal      Summ           0%         N/A       38%         1
 Gell's Gravitas          Tloc           0%         N/A       77%         3
 Teleport Other           Tloc           0%         N/A       77%         3
 Dispersal                Tloc           0%         N/A       100%        6


Dungeon Overview and Level Annotations

Branches:
Dungeon (2/15)

Altars:

Annotations:
D:2 Sigmund


Innate Abilities, Weirdness & Mutations

You are too large for most types of armour.
You have tough skin. (AC +1)


Message History

You closely miss the hobgoblin.
The hobgoblin hits you but does no damage.
Sigmund the Dreaded comes into view.
He is wielding a +0 scythe.
You closely miss the hobgoblin.
The hobgoblin hits you but does no damage.
Sigmund barely misses you. The hobgoblin barely misses you.
You sock the hobgoblin!
You kill the hobgoblin!
Sigmund barely misses you.
You see here a hobgoblin corpse.
Okay, then.
Throw: 3 throwing nets
Press: ? - help, Q - select action, (/) - cycle Shift-Dir - straight line, f - Sigmund
Aim: Sigmund, wielding a +0 scythe and wearing a +0 robe (53% to hit)
You throw a throwing net. The throwing net hits Sigmund.
Sigmund is caught in the net!
Sigmund struggles against the net.
Sigmund struggles against the net.
You hit Sigmund.
Sigmund is lightly wounded.
Sigmund struggles against the net.
You catch the helpless Sigmund completely off-guard!
You sock Sigmund!
Sigmund is heavily wounded.
Sigmund casts a spell.
Sigmund flickers and vanishes!
Deactivating autopickup; reactivate with Ctrl-A.
Something wriggles in the net.
You hit something. You hit something but do no damage.
Something wriggles in the net. x2
All of a sudden the net rips apart!
You hit something but do no damage. Something hits you.
You hit something but do no damage. Something hits you!
* * * LOW HITPOINT WARNING * * *
You miss something. You barely miss something.
Something hits you but does no damage.
You closely miss something. Something hits you.
* * * LOW HITPOINT WARNING * * *
You barely miss something. Something hits you!
You die...

#......###
#........
#....... #......
. # ..... ..
##..##..? ....
.......{# .....
###@##.....
#.†........
###..........
#####............
#................
#......†########.
#.......#
#.......#
#.......#######


There were no monsters in sight!

Vanquished Creatures
  A dart slug (D:1)
  2 ball pythons
  3 bats
  An endoplasm (D:2)
  2 goblins
  3 hobgoblins
  A quokka (D:2)
  2 frilled lizards
  3 kobolds (D:1)
  A rat (D:2)
19 creatures vanquished.

Notes
Turn   | Place    | Note
-------+----------+-------------------------------------------
     0 | D:1      | DrKleor the Ogre Gladiator began the quest for the Orb.
     0 | D:1      | Reached XP level 1. HP: 22/22 MP: 1/1
   233 | D:1      | Reached XP level 2. HP: 22/29 MP: 2/2
   980 | D:2      | Noticed Sigmund
   995 | D:2      | Mangled by Sigmund

Illustrated notes

Levels and vault maps discovered:
D:1:      roderic_chinese_lattice_arrival, layout_rooms
D:2:      layout_basic, hellmonk_ecumenical_altar_heavens_door, uniq_sigmund

Skill      XL: |  1  2 |
---------------+-------+-----
Maces & Flails | 3 |  3.2
Fighting       | 3 |  3.2
Throwing       | |  2.3
Dodging        | |  2.6

Action                   || total
-------------------------++-------
Melee: Flail             ||   106
       Punch             ||     1
Throw: Throwing net      ||     1
 Stab: Held in net/web   ||     1
Armor: Robe              ||    56
Dodge: Dodged            ||    78

Table legend: (Time is in decaauts)
 A = Elapsed time spent in this place.
 B = Non-inter-level travel time spent in this place.
 C = Inter-level travel time spent in this place.
 D = Time resting spent in this place.
 E = Time spent auto-exploring this place.
 F = Levels seen in this place.
 G = Mean time per level.
                   A        B        C        D        E       F      G
               +--------+--------+--------+--------+--------+-----+--------+
         Total |   1021 |   1000 |     21 |    175 |    563 |   2 |  510.5 |
       Dungeon |   1021 |   1000 |     21 |    175 |    563 |   2 |  510.5 |
               +--------+--------+--------+--------+--------+-----+--------+

Top non-repeatable levels by time:
     D:1: 768 daAuts
     D:2: 253 daAuts
